 Dungeon Crawl Stone Soup version 0.24.0 (webtiles) character file.

Game seed: 4123378826285688713, levelgen mode: deterministic

383 Buxparty the Poker (level 6, 0/47 HPs)
             Began as a Mummy Gladiator on Jan 25, 2020.
             Killed by divine providence
             ... invoked by an orc priest
              (15 damage)
             ... on level 3 of the Dungeon.
             The game lasted 00:07:51 (3083 turns).

Buxparty the Poker (Mummy Gladiator)                Turns: 3083, Time: 00:07:52

Health: 0/47       AC:  7    Str: 22    XL:     6   Next: 47%
Magic:  6/6        EV: 13    Int:  7    God:
Gold:   124        SH:  0    Dex: 14    Spells: 5/5 levels left

rFire    x . .     SeeInvis .   a - +0 trident
rCold    + . .     Gourm    .   (no shield)
rNeg     + + +     Faith    .   o - +0 ring mail
rPois    ∞         Spirit   .   c - +0 helmet
rElec    .         Reflect  .   k - +0 cloak
rCorr    .         Harm     .   (no gloves)
MR       +....                  (no boots)
Stlth    +.........             (no amulet)
HPRegen  0.15/turn              r - ring of protection from magic
MPRegen  0.10/turn              p - +3 ring of strength

@: no status effects
A: no food or potions, fire vulnerability, cold resistance 1, negative energy
resistance 3, torment resistance, unbreathing
a: no special abilities


You were on level 3 of the Dungeon.
You were not hungry.

You visited 1 branch of the dungeon, and saw 4 of its levels.

You collected 124 gold pieces.

Inventory:

Hand Weapons
 a - a +0 trident (weapon)
Missiles
 d - 4 throwing nets (quivered)
 n - 13 poisoned darts
Armour
 c - a +0 helmet (worn)
 k - a +0 cloak (worn)
 o - a +0 ring mail (worn)
Jewellery
 b - an uncursed ring of protection from cold
 p - a +3 ring of strength (right hand)
 r - a ring of protection from magic (left hand)
Scrolls
 e - a scroll of enchant armour {unknown}
 f - 4 scrolls of identify {unknown}
 g - a scroll of remove curse {unknown}
 h - a scroll of random uselessness {unknown}
 i - 4 scrolls of teleportation {unknown}
 j - a scroll of enchant weapon {unknown}
 l - a scroll of blinking {unknown}
 m - 3 scrolls of magic mapping {unknown}
 q - a scroll of noise {unknown}


   Skills:
 + Level 3.5 Fighting
 * Level 4.5 Polearms
 - Level 1.7 Throwing
 + Level 0.8 Armour
 + Level 3.6 Dodging


You had 5 spell levels left.
You didn't know any spells.
Your spell library was empty.

Dungeon Overview and Level Annotations

Branches:
Dungeon (4/15)
 Temple: D:4-7

Altars:
Ashenzari


Innate Abilities, Weirdness & Mutations

You do not eat or drink.
Your flesh is vulnerable to fire.
You are immune to poison.
Your flesh is cold resistant. (rC+)
You are immune to negative energy. (rN+++)
You are immune to unholy pain and torment.
You can survive without breathing.


Message History

The orc priest calls down the wrath of Beogh upon you.
Beogh smites you! The orc hits you but does no damage.
You closely miss the orc priest. The orc priest hits you with a +0 whip.
The orc hits you but does no damage.
You closely miss the orc priest. The orc priest closely misses you.
The orc hits you with a +0 dagger.
You hit the orc priest.
The orc priest is moderately wounded.
The orc priest hits you but does no damage.
The orc closely misses you. The orc priest hits you with a +0 whip.
You hit the orc priest.
The orc priest is severely wounded.
The orc hits you with a +0 dagger.
The orc priest hits you but does no damage.
The orc closely misses you.
You hit the orc priest but do no damage.
The orc priest is severely wounded.
The orc priest mumbles some strange prayers to Beogh against you.
Beogh smites you!
You die...

######## ###
#<.....########.#
###########....o[)..##.#
...............o@##.##.##
###########....))#......#
###...........#.....##(##
(÷)...).......##.#..##.#
###...........##.#.....#
#(..........##.#.>...#
###....................#
...............#.#.....#
....#########..#.#.###.#


You could see an orc priest and an orc.

Vanquished Creatures
  A howler monkey (D:3)
  An orc priest (D:3)
  Jessica (D:3)
  2 orc wizards
  A hound zombie (D:3)
  10 adders
  2 oozes
  2 worms
  2 dart slugs
  A leopard gecko (D:2)
  17 orcs (D:3)
  3 ball pythons
  8 bats
  3 giant cockroaches
  10 goblins
  12 hobgoblins
  3 jackals (D:1)
  7 kobolds
  4 frilled lizards
  10 rats
100 creatures vanquished.

Notes
Turn   | Place    | Note
-------+----------+-------------------------------------------
     0 | D:1      | Buxparty the Mummy Gladiator began the quest for the Orb.
     0 | D:1      | Reached XP level 1. HP: 16/16 MP: 1/1
   108 | D:1      | Reached XP level 2. HP: 21/22 MP: 2/2
   441 | D:1      | Reached XP level 3. HP: 27/27 MP: 3/3
   502 | D:1      | Reached skill level 3 in Polearms
  1083 | D:2      | Found a shattered altar of Ashenzari.
  1204 | D:2      | Reached XP level 4. HP: 34/34 MP: 4/4
  1598 | D:3      | Reached XP level 5. HP: 26/39 MP: 5/5
  2067 | D:3      | Reached skill level 4 in Polearms
  2345 | D:3      | Noticed Jessica
  2353 | D:3      | Killed Jessica
  2353 | D:3      | Reached XP level 6. HP: 47/47 MP: 6/6
  3083 | D:3      | Killed from afar by an orc priest

Levels and vault maps discovered:
D:1:      lightli_arrival_isolated_outpost, layout_rooms,
          minmay_misc_feat_ornament
D:2:      layout_basic, nicolae_ashenzari_panopticon
D:3:      layout_basic, first_ration, uniq_jessica
D:4:      layout_rooms, minmay_temple_entry_junction_2, serial_shops,
          nicolae_shop_stone, minmay_diced_spiral
